 Dungeon Crawl Stone Soup version 0.27.1-33-g824d729ab1 (webtiles) character file.

Game seed: 8882744776921127585

1950 pkoi the Martial Artist (level 8, 0/63 HPs)
             Began as a Green Draconian Monk on Nov 29, 2021.
             Was a Believer of Qazlal.
             Slain by a vampire (5 damage)
             ... on level 7 of the Dungeon.
             The game lasted 00:12:37 (10341 turns).

pkoi the Martial Artist (Green Draconian Monk)     Turns: 10341, Time: 00:12:38

Health: 0/63       AC:  7    Str: 14    XL:     8   Next: 99%
Magic:  6/12       EV: 12    Int: 12    God:    Qazlal [**....]
Gold:   1014       SH:  0    Dex: 14    Spells: 10/13 levels left

rFire    . . .     SeeInvis .     - Unarmed
rCold    . . .     Faith    .   (no shield)
rNeg     . . .     Spirit   .   (armour unavailable)
rPois    +         Reflect  .   (helmet restricted)
rElec    .         Harm     .   (no cloak)
rCorr    .         Rampage  .   (no gloves)
Will     .....                  j - +0 pair of boots
Stlth    +.........             (no amulet)
HPRegen  0.20/turn              (no ring)
MPRegen  0.13/turn              (no ring)

@: confused
A: breathe noxious fumes, AC +6, unfitting armour, poison resistance,
cold-blooded
a: Breathe Noxious Fumes, Renounce Religion, Upheaval


You were on level 7 of the Dungeon.
You worshipped Qazlal.
Qazlal was pleased with you.
You visited 2 branches of the dungeon, and saw 8 of its levels.

You collected 1014 gold pieces.

Inventory:

Missiles
 f - 14 poisoned darts (quivered)
Armour
 j - a +0 pair of boots (worn)
Wands
 c - a wand of iceblast (5)
 k - a wand of paralysis (11)
Scrolls
 e - a scroll of magic mapping
 h - 2 scrolls of fog
 i - 4 scrolls of identify
 m - a scroll of silence
Potions
 a - 2 potions of might
 b - 2 potions of magic
 d - 5 potions of flight
 g - 2 potions of brilliance
 l - a potion of berserk rage {unknown}
 n - 3 potions of curing {unknown}
 o - 2 potions of heal wounds
 p - a potion of cancellation {unknown}


   Skills:
 - Level 3.2 Fighting
 - Level 2.6 Dodging
 - Level 1.7 Stealth
 + Level 8.4 Unarmed Combat
 + Level 3.2 Spellcasting
 + Level 3.5 Transmutations
 + Level 4.3 Poison Magic
 + Level 5.8 Invocations


You had 10 spell levels left.
You knew the following spells:

 Your Spells              Type           Power      Damage    Failure   Level
a - Spider Form           Tmut/Pois      5%         N/A       14%         3

Your spell library contained the following spells:

 Spells                   Type           Power      Damage    Failure   Level
 Beastly Appendage        Tmut           20%        N/A       5%          1
 Wereblood                Tmut           10%        N/A       9%          2
 Gell's Gravitas          Tloc           0%         N/A       58%         3
 Lesser Beckoning         Tloc           0%         N/A       58%         3
 Teleport Other           Tloc           1%         N/A       58%         3
 Summon Ice Beast         Ice/Summ       1%         N/A       94%         4
 Summon Mana Viper        Hex/Summ       1%         N/A       100%        5
 Monstrous Menagerie      Summ           0%         N/A       100%        7


Dungeon Overview and Level Annotations

Branches:
Dungeon (7/15)             Temple (1/1) D:4

Altars:
Ashenzari
Cheibriados
Dithmenos
Elyvilon
Fedhas
Hepliaklqana
Kikubaaqudgha
Makhleb
Nemelex Xobeh
Okawaru
Qazlal
Ru
Trog
Vehumet
Wu Jian
Xom
Yredelemnul
Zin

Annotations:
D:5 2 transporters, hilljack's ghost, novice GrEE


Innate Abilities, Weirdness & Mutations

You can breathe blasts of noxious fumes.
Your lurid green scales are hard. (AC +6)
You cannot fit into any form of body armour.
Your system is resistant to poisons. (rPois)
You are cold-blooded and may be slowed by cold attacks.


Message History

The vampire is almost destroyed.
Unknown command.
The vampire mumbles some strange words.
The vampire flickers and vanishes!
Deactivating autopickup; reactivate with Ctrl-A.
You hear some strange, mumbled words.
You are confused.
You bump into the rock wall.
Something hits you. Something bites you.
Something draws strength from your injuries!
You bump into the rock wall.
You hear some strange, mumbled words.
You are more confused.
You barely miss something. You tail-slap something.
Your punch misses something. Something draws life force from you!
Something draws life force from you!!
* * * LOW HITPOINT WARNING * * *
You're too confused to move!
Something hits you but does no damage. Something bites you.
* * * LOW HITPOINT WARNING * * *
Something draws strength from your injuries!
You bump into the rock wall.
You hear some strange, mumbled words.
You are more confused.
You bump into the rock wall.
Something hits you.
* * * LOW HITPOINT WARNING * * *
Something bites you!
* * * LOW HITPOINT WARNING * * *
Something draws strength from your injuries!
You're too confused to move!
Something hits you but does no damage. Something bites you.
* * * LOW HITPOINT WARNING * * *
Something draws strength from your injuries!
You hear some strange, mumbled words.
You are more confused.
You bump into the rock wall.
Something hits you but does no damage. Something bites you but does no damage.
Something hits you!
* * * LOW HITPOINT WARNING * * *
Something bites you.
You die...

#.#####.#.###.# #.# #.#..>..# #)#
#.#..#### ### #.# #[#..# ..# #.#
#.#..# ..# ###### ###.#####.#..#
..# #....# #.........#..#
..####....###...○.#####..########
..'.....).......@...)...[......>#
..#........##.....#####......####
..#........####'#.# #.##.#.#
..'....###.# #.#.#####.##.#.#
###....###.####............#.#
..................#####.####.#
.......###.######## #....#.#
.......# #.# ####.#.# ###....#
#.# #.#.#


There were no monsters in sight!

Vanquished Creatures
  Grinder (D:4)
  A wyvern (D:7)
  2 water moccasins
  An orc warrior (D:6)
  2 ice beasts
  A sky beast (D:6)
  An ogre (D:5)
  A centaur (D:3)
  A phantom (D:4)
  2 bullfrogs (D:6)
  3 jellies
  3 wights
  A bullfrog zombie (D:7)
  An orc priest (D:6)
  A centaur zombie (D:7)
  3 iguanas
  A bullfrog skeleton (D:4)
  Natasha (D:2)
  An orc wizard (D:6)
  3 adders
  A white imp (D:6)
  An adder skeleton (D:4)
  3 worms
  5 dart slugs
  12 orcs
  12 bats
  5 endoplasms
  4 giant cockroaches
  10 goblins
  6 hobgoblins
  6 jackals
  3 quokkas
  10 ball pythons
  3 frilled lizards
  8 kobolds
  5 rats
125 creatures vanquished.

Vanquished Creatures (others)
  2 orc wizards (D:5)
2 creatures vanquished.

Grand Total: 127 creatures vanquished

Notes
Turn   | Place    | Note
-------+----------+-------------------------------------------
     0 | D:1      | pkoi the Draconian Monk began the quest for the Orb.
     0 | D:1      | Reached XP level 1. HP: 19/19 MP: 1/1
   558 | D:1      | Reached XP level 2. HP: 25/26 MP: 2/2
  1173 | D:1      | Reached skill level 4 in Unarmed Combat
  1505 | D:1      | Reached XP level 3. HP: 31/31 MP: 3/3
  2607 | D:2      | Reached XP level 4. HP: 38/38 MP: 4/4
  2880 | D:2      | Reached skill level 5 in Unarmed Combat
  2887 | D:2      | Noticed Natasha
  2906 | D:2      | Killed Natasha
  3549 | D:3      | Noticed a centaur
  3560 | D:3      | Killed a centaur
  3561 | D:3      | Reached skill level 6 in Unarmed Combat
  3561 | D:3      | Reached XP level 5. HP: 20/45 MP: 5/5
  4529 | D:4      | Found a staircase to the Ecumenical Temple.
  4552 | Temple   | Entered the Ecumenical Temple
  4724 | Temple   | Became a worshipper of Qazlal Stormbringer
  4724 | Temple   | Reached * piety under Qazlal
  4724 | Temple   | Reached ** piety under Qazlal
  5073 | D:4      | Noticed Grinder
  5076 | D:4      | Found a blossoming altar of Fedhas.
  5076 | D:4      | Noticed a phantom
  5098 | D:4      | Killed a phantom
  5099 | D:4      | Reached skill level 1 in Invocations
  5099 | D:4      | Reached XP level 6. HP: 42/51 MP: 5/7
  5104 | D:4      | Paralysed by Grinder for 4 turns
  5137 | D:4      | Paralysed by Grinder for 7 turns
  5141 | D:4      | Killed Grinder
  5142 | D:4      | Reached skill level 7 in Unarmed Combat
  5727 | D:4      | Your scales start taking on a lurid green colour.
  5727 | D:4      | Reached XP level 7. HP: 52/57 MP: 9/9
  5727 | D:4      | Gained mutation: Your system is resistant to poisons.
                  | (rPois) [Green Draconian growth]
  5968 | D:5      | Entered Level 5 of the Dungeon
  5968 | D:5      | Found a transporter.
  5971 | D:5      | Noticed hilljack's ghost (novice GrEE)
  6169 | D:5      | Learned a level 3 spell: Spider Form
  6973 | D:6      | Identified a scroll of acquirement
  6973 | D:6      | Acquired 751 gold pieces
  7034 | D:6      | Reached skill level 1 in Spellcasting
  7034 | D:6      | Reached skill level 1 in Transmutations
  7034 | D:6      | Reached skill level 1 in Poison Magic
  7991 | D:5      | Found a transporter.
  8333 | D:6      | Reached XP level 8. HP: 28/63 MP: 11/11
  8719 | D:6      | Found a burning altar of Makhleb.
  8729 | D:6      | Reached skill level 8 in Unarmed Combat
  8729 | D:6      | Reached skill level 5 in Invocations
  8927 | D:6      | Found a white marble altar of Elyvilon.
 10341 | D:7      | Slain by a vampire

Illustrated notes

Levels and vault maps discovered:
D:1:      dpeg_cavernosity, layout_loops_ring, serial_bayou_pond_d
D:2:      layout_basic, uniq_natasha
D:3:      layout_basic, minmay_circle_x
D:4:      layout_gridville, mainiacjoe_overflow_small_starburst,
          minmay_temple_entry_statues_fountains, kennysheep_generic_room_4,
          uniq_grinder
D:5:      layout_basic, gammafunk_ghost_smash, lemuel_flamethrower_1
D:6:      layout_loops_ring, mainiacjoe_overflow_catwalk_spiral
D:7:      layout_basic
Temple:   regret_index_temple_waves

Skill      XL: |  1  2  3  4  5  6  7  8 |
---------------+-------------------------+-----
Unarmed Combat | 4 6 7 8 |  8.4
Invocations    | 1 3 4 5 |  5.8
Spellcasting   | 1 3 |  3.2
Transmutations | 2 3 |  3.5
Poison Magic   | 2 4 |  4.3
Fighting       | |  3.2
Dodging        | |  2.6
Stealth        | |  1.7

Action                   |  1- 3 |  4- 6 |  7- 9 || total
-------------------------+-------+-------+-------++-------
Melee: Unarmed           |   152 |   126 |   215 ||   493
       Tailslap          |    18 |    20 |    33 ||    71
       Punch             |     2 |     4 |     9 ||    15
Throw: Dart              |       |     1 |       ||     1
Invok: Upheaval          |       |       |     2 ||     2
 Abil: Breathe Noxious F |       |       |     3 ||     3
  Use: Potion            |     2 |       |       ||     2
       Scroll            |     3 |     1 |     9 ||    13
 Stab: Sleeping          |     4 |     2 |       ||     6
       Confused          |       |       |     4 ||     4
Armor: Skin              |    35 |    40 |    52 ||   127
Dodge: Dodged            |    98 |    66 |    87 ||   251
Block: Other             |       |     4 |    14 ||    18
